 Dungeon Sprint DCSS version 0.16-a0-2736-g1697cd3 (webtiles) character file.

10084 RobertPalmer the Tortoise (level 11, -9/71 (72) HPs)
             Began as a Formicid Fighter on Nov 26, 2014.
             Was the Champion of Qazlal.
             Killed by divine providence
             ... invoked by a greater mummy
              (13 damage)
             ... in the Dungeon (Sprint V: "Ziggurat Sprint").
             The game lasted 00:06:07 (1004 turns).

RobertPalmer the Tortoise (Formicid Fighter)        Turns: 1004, Time: 00:06:07

HP:   -9/71 (72)    AC: 37    Str: 29    XL:     11   Next: 86%
MP:   15/15         EV:  1    Int:  8    God:    Qazlal [******]
Gold: 0             SH: 36    Dex: 13    Spells: 0 memorised, 10 levels left

rFire  . . .     SeeInvis +     b - +14 plutonium sword {Contam Stlth-}
rCold  + + .     Clarity  .     h - +15 Maxwell's patent armour {rC+ rF+, -Cast -Tele MR+} (curse)
rNeg   + . .     SustAb   .     j - +18 shield of the gong {rElec rN+ MR+ EV-5}
rPois  +         Gourm    .     (helmet unavailable)
rElec  +         Spirit   .     (no cloak)
rCorr  .         Warding  .     (no gloves)
rMut   .         Stasis   +     q - +1 pair of boots {run}
MR     +++..     NoCast   +     (no amulet)
Stlth  ..........               k - +6 ring of strength
                                G - ring of Traec {Ice +Blink rPois Int+2 Slay+4 Stlth-}

@: lethally poisoned, studying Shields, repel missiles, quick, extremely
resistant to hostile enchantments, extremely unstealthy
A: permanent stasis, dig shafts and tunnels, four strong arms, antennae 3, frail
1
a: Dig, Upheaval, Elemental Force, Disaster Area, Renounce Religion


You were in the Dungeon.
You worshipped Qazlal.
Qazlal was exalted by your worship.
You were hungry.

You visited 1 branch


Innate Abilities, Weirdness & Mutations

You are under a permanent stasis effect.
You can dig through walls and to a lower floor.
Your four strong arms can wield two-handed weapons with a shield.
You have a pair of large antennae on your head (SInv).
You are frail (-10% HP).


   Skills:
 - Level 6.0 Fighting
 + Level 18.0 Long Blades
 - Level 20.4 Armour
 - Level 3.6 Shields


You had 10 spell levels left.
You didn't know any spells.

Inventory:

Hand weapons
 b - the +14 plutonium sword (weapon) {Contam Stlth-}
   (You found it in the Dungeon)

   It causes magical contamination when unequipped.
   It makes you less stealthy.
Armour
 h - the cursed +15 Maxwell's patent armour (worn) {rC+ rF+, -Cast -Tele MR+}
   (You found it in the Dungeon)

   It affects your resistance to hostile enchantments.
   It prevents spellcasting.
   It prevents most forms of teleportation.
   It has a curse placed upon it.
 j - the +18 shield of the gong (worn) {rElec rN+ MR+ EV-5}
   (You found it in the Dungeon)

   It affects your evasion (-5).
   It insulates you from electricity.
   It protects you from negative energy.
   It affects your resistance to hostile enchantments.
 q - a +1 pair of boots of running (worn)
Jewellery
 c - the ring "Tivurrou" {SustAb Str+3}
   (You found it in the Dungeon)

   [ring of sustain abilities]

   It sustains your strength, intelligence and dexterity.
   It affects your strength (+3).
 k - a +6 ring of strength (right hand)
 G - the ring of Traec (left hand) {Ice +Blink rPois Int+2 Slay+4 Stlth-}
   (You found it in the Dungeon)

   [ring of ice]

   It enhances your ice magic, and weakens your fire magic.
   It affects your intelligence (+2).
   It affects your accuracy and damage with ranged weapons and melee attacks
   (+4).
   It makes you vulnerable to fire.
   It protects you from cold.
   It protects you from poison.
   It lets you blink.
   It makes you less stealthy.
Magical devices
 y - a wand of disintegration (5)
 B - a wand of fire (5)
 C - a wand of cold (5)
 D - a wand of draining (5)
Scrolls
 n - 4 scrolls of amnesia
 o - 3 scrolls of recharging
 p - 7 scrolls of fog
 r - 3 scrolls of identify
 s - 5 scrolls of remove curse
 t - 2 scrolls of fear
 H - a scroll of brand weapon
Potions
 e - 9 potions of might
 f - 10 potions of curing
 g - 7 potions of heal wounds
 i - 7 potions of magic
 u - 2 potions of brilliance
 v - 2 potions of invisibility
 w - 2 potions of restore abilities
 x - 4 potions of resistance
 z - a potion of experience
 A - 5 potions of agility
Books
 J - a manual of Shields {!d}
Miscellaneous
 a - a disc of storms
 E - a plain deck of wonders {Focus, drawn: 1}
 F - a plain deck of wonders {drawn: 1}
 I - a sack of spiders
Comestibles
 d - 5 bread rations
 l - 42 fruits
 m - 4 meat rations

Dungeon Overview and Level Annotations

Branches:
Dungeon (1/1)

Altars:
Ashenzari
Cheibriados
Dithmenos
Elyvilon
Fedhas
Gozag
Kikubaaqudgha
Makhleb
Nemelex Xobeh
Okawaru
Qazlal
Ru
Sif Muna
Trog
Vehumet
Xom
Yredelemnul
Zin
The Shining One
Beogh
Jiyva
Lugonu

▓.........▓.......▓
▓▓▓▓▓▓▓▓▓▓▓▓▓▓▓▓▓▓▓▓
▓...8©8...▓...8©8...▓
▓....:)...▓..}#).#..▓
▓..[}["=..▓...[=)#..▓
▓.....#...▓...#.....▓
▓...ZM....▓.........▓
▓..sMMM8..▓.........▓
▓..sMa#M..▓.........▓
▓..4WM#...▓†▓††...▓.▓
▓.........▓.........▓
▓.........▓▓▓▓▓▓▓▓▓▓▓
▓▓▓▓▓▓▓▓▓▓▓


{{{{{{{{ {{{{{{{{{ {{{{{{{{{{{{{{{{{ {{{{{{{ {{{{{{ You could see 2 greater
mummies, 2 emperor scorpions, an orange demon, a guardian mummy, an ushabti, a
freezing wraith, 4 mummies and a giant gecko zombie.


Message History

You feel sick.
The greater mummy is engulfed in roaring flames.
The greater mummy calls on the powers of darkness!
Your body is wracked with pain!
* * * LOW HITPOINT WARNING * * *
The emperor scorpion convulses! x2
You block the mummy's attack.
BOUMMMMG!
The mummy hits you but does no damage. You block the orange demon's attack.
BONNNG!
The anubis guard is engulfed in roaring flames.
You kill the anubis guard!
Qazlal accepts your kill.
Your Long Blades skill increases to level 18!
You block the freezing wraith's attack.
GONNNNG!
You block the freezing wraith's attack.
GONNNNG!
The emperor scorpion is engulfed in freezing vapours.
The mummy barely misses you.
Unknown command.
Unknown command.
You are feeling hungry.
You closely miss the greater mummy.
The greater mummy is heavily damaged.
* * * LOW HITPOINT WARNING * * *
You feel sick.
The greater mummy gestures at you while chanting.
Something smites you!
You die...

Action                   |  1- 3 |  4- 6 |  7- 9 | 10-12 || total
-------------------------+-------+-------+-------+-------++-------
Melee: Triple sword      |     8 |     7 |    55 |    39 ||   109
Evoke: Wand              |     2 |       |       |       ||     2
       Deck              |       |     1 |       |     1 ||     2
  Use: Scroll            |       |       |     2 |     1 ||     3
       Potion            |       |       |       |     4 ||     4

Vault maps used:
D:        sprint_v

Notes
Turn   | Place    | Note
--------------------------------------------------------------
     0 | D        | RobertPalmer, the Formicid Fighter, began the quest for the Orb.
     0 | D        | Reached XP level 1. HP: 18/18 MP: 1/1
     0 | D        | Found a viscous altar of Jiyva.
     0 | D        | Found a corrupted altar of Lugonu.
     0 | D        | Found a white marble altar of Elyvilon.
     2 | D        | Found a sparkling altar of Nemelex Xobeh.
     2 | D        | Found a burning altar of Makhleb.
     2 | D        | Found a deep blue altar of Sif Muna.
     2 | D        | Banished a spatial maelstrom
     3 | D        | Found a bloodstained altar of Trog.
     3 | D        | Found an iron altar of Okawaru.
     5 | D        | Found a radiant altar of Vehumet.
    52 | D        | Became a worshipper of Qazlal Stormbringer
    55 | D        | Found a basalt altar of Yredelemnul.
    56 | D        | Found a shimmering altar of Xom.
    96 | D        | Entered arena 1.
    96 | D        | Noticed a crimson imp
    98 | D        | Reached skill level 4 in Fighting
    98 | D        | Reached skill level 3 in Long Blades
   104 | D        | Killed a crimson imp
   104 | D        | Reached skill level 6 in Fighting
   104 | D        | Reached skill level 5 in Long Blades
   104 | D        | Reached XP level 2. HP: 22/28 MP: 3/3
   104 | D        | Reached XP level 3. HP: 26/34 MP: 4/4
   171 | D        | Entered arena 2.
   171 | D        | Noticed an orc wizard
   174 | D        | Acquired Qazlal's first power
   175 | D        | Killed an orc wizard
   175 | D        | Reached skill level 4 in Armour
   175 | D        | Reached XP level 4. HP: 40/40 MP: 5/5
   183 | D        | Entered arena 3.
   183 | D        | Noticed a two-headed ogre
   183 | D        | Noticed a cyclops
   183 | D        | Noticed an ogre
   183 | D        | Noticed a two-headed ogre
   187 | D        | Killed an ogre
   187 | D        | Acquired Qazlal's second power
   187 | D        | Reached skill level 7 in Long Blades
   187 | D        | Reached skill level 7 in Armour
   187 | D        | Reached XP level 5. HP: 36/46 MP: 7/7
   188 | D        | Noticed a wind drake
   188 | D        | a cyclops changed into a wind drake
   189 | D        | Killed a two-headed ogre
   189 | D        | Reached skill level 9 in Long Blades
   189 | D        | Reached skill level 9 in Armour
   189 | D        | Reached XP level 6. HP: 40/52 MP: 8/8
   191 | D        | Killed a two-headed ogre
   191 | D        | Reached skill level 11 in Long Blades
   191 | D        | Reached skill level 11 in Armour
   191 | D        | Reached XP level 7. HP: 37/58 MP: 9/9
   195 | D        | Killed a wind drake
   195 | D        | Reached skill level 12 in Armour
   195 | D        | Reached XP level 8. HP: 27/64 MP: 11/11
   490 | D        | Entered arena 4.
   490 | D        | Noticed a quasit
   490 | D        | Noticed a soul eater
   490 | D        | Noticed a crimson imp
   503 | D        | Killed a soul eater
   503 | D        | Acquired Qazlal's third power
   503 | D        | Reached skill level 14 in Long Blades
   505 | D        | Killed a quasit
   505 | D        | Reached XP level 9. HP: 34/69 MP: 12/12
   512 | D        | Killed a crimson imp
   512 | D        | Acquired Qazlal's fourth power
   673 | D        | Got the ring of Traec {Ice +Blink rPois Int+2 Slay+4 Stlth-}
   679 | D        | Entered arena 5.
   679 | D        | Noticed a blink frog
   679 | D        | Noticed a raiju
   679 | D        | Noticed an iron imp
   679 | D        | Noticed a quasit
   681 | D        | Killed a raiju
   683 | D        | Killed a quasit
   686 | D        | Killed a blink frog
   686 | D        | Reached skill level 15 in Long Blades
   687 | D        | Killed an iron imp
   687 | D        | Acquired Qazlal's fifth power
   699 | D        | Entered arena 6.
   699 | D        | Noticed a crimson imp
   699 | D        | Noticed a hell hound
   700 | D        | Noticed a hell hound
   700 | D        | Killed a hell hound
   705 | D        | Killed a hell hound
   706 | D        | Killed a crimson imp
   706 | D        | Reached skill level 16 in Long Blades
   715 | D        | Got the ring "Tivurrou" {SustAb Str+3}
   727 | D        | Entered arena 7.
   727 | D        | Noticed a naga
   727 | D        | Noticed a water moccasin
   727 | D        | Noticed a naga
   727 | D        | Noticed a naga
   731 | D        | Killed a water moccasin
   734 | D        | Killed a naga
   737 | D        | Killed a naga
   738 | D        | Killed a naga
   738 | D        | Reached skill level 17 in Long Blades
   751 | D        | Entered arena 8.
   751 | D        | Noticed a rust devil
   751 | D        | Noticed a quasit
   751 | D        | Noticed a crimson imp
   751 | D        | Noticed an iron imp
   751 | D        | Noticed Cyaduliem the pandemonium lord
   755 | D        | Noticed a red devil
   755 | D        | Noticed a soul eater
   755 | D        | Noticed an ice devil
   755 | D        | Killed a red devil
   757 | D        | Noticed an ice devil
   760 | D        | Killed an iron imp
   760 | D        | Killed a rust devil
   760 | D        | Reached skill level 13 in Armour
   760 | D        | Reached XP level 10. HP: 35/76 MP: 13/13
   760 | D        | Killed a quasit
   760 | D        | Killed a crimson imp
   762 | D        | Killed a soul eater
   767 | D        | Noticed an orange demon
   771 | D        | Gained mutation: You are frail (-10% HP). [a neqoxec]
   775 | D        | Killed Cyaduliem the pandemonium lord
   775 | D        | Reached skill level 20 in Armour
   775 | D        | Reached XP level 11. HP: 55/72 MP: 15/15
   780 | D        | Got the cursed -1 cloak of Limitation {Stlth-}
   837 | D        | Entered arena 9.
   837 | D        | Noticed an orc priest
   837 | D        | Noticed an orc priest
   837 | D        | Noticed an orc priest
   837 | D        | Noticed an orc wizard
   837 | D        | Noticed an orc priest
   837 | D        | Noticed an orc wizard
   840 | D        | Killed an orc priest
   843 | D        | Killed an orc priest
   844 | D        | Killed an orc priest
   845 | D        | Killed an orc priest
   846 | D        | Killed an orc wizard
   849 | D        | Killed an orc wizard
   955 | D        | Entered arena 10.
   955 | D        | Noticed a yak
   955 | D        | Noticed an iguana
   955 | D        | Noticed a hound
   955 | D        | Noticed a giant frog
   955 | D        | Noticed a spiny frog
   955 | D        | Noticed a spiny frog
   961 | D        | Killed a spiny frog
   963 | D        | Killed a giant frog
   965 | D        | Killed a spiny frog
   966 | D        | Killed a yak
   969 | D        | Killed a hound
   971 | D        | Killed an iguana
   987 | D        | Identified a +1 pair of boots of running (You found it in the Dungeon)
   995 | D        | Entered arena 11.
   995 | D        | Noticed a greater mummy
   995 | D        | Noticed an anubis guard
   995 | D        | Noticed a greater mummy
   996 | D        | Noticed a guardian mummy
   996 | D        | Noticed an ushabti
   997 | D        | Noticed an emperor scorpion
   997 | D        | Noticed an emperor scorpion
  1003 | D        | HP: 6/71 [??? (2)]
  1003 | D        | Killed an anubis guard
  1003 | D        | Reached skill level 18 in Long Blades
  1004 | D        | Killed from afar by a greater mummy

Vanquished Creatures
  A pandemonium lord (D)
  2 soul eaters (D)
  An anubis guard (D)
  A rust devil (D)
  2 spiny frogs (D)
  A red devil (D)
  2 two-headed ogres (D)
  A blink frog (D)
  A wind drake (D)
  A raiju (D)
  A yak (D)
  A neqoxec (D)
  3 nagas (D)
  A water moccasin (D)
  2 hell hounds (D)
  An ogre (D)
  A giant frog (D)
  5 crimson imps (D)
  2 iron imps (D)
  3 quasits (D)
  4 orc priests (D)
  A hound (D)
  An iguana (D)
  3 orc wizards (D)
  A sheep (D)
  An adder (D)
  A river rat (D)
  A shadow imp (D)
  3 white imps (D)
  An adder zombie (D)
  2 adder skeletons (D)
  An adder simulacrum (D)
  4 orcs (D)
  2 bat skeletons (D)
  A jackal (D)
  A ball python (D)
61 creatures vanquished.

Vanquished Creatures (others)
  A spatial maelstrom (D)
1 creature vanquished.

Grand Total: 62 creatures vanquished
